 Dungeon Crawl Stone Soup version 0.28.0-53-g5a82cb258f (webtiles) character file.

Game seed: 2668370511098288757

38676 Qrupt the Nimble (level 14, -3/108 HPs)
             Began as a Human Ice Elementalist on July 17, 2022.
             Slain by a catoblepas (11 damage)
             ... while petrified by a catoblepas
             ... on level 6 of the Lair of Beasts.
             The game lasted 01:05:34 (25763 turns).

Qrupt the Nimble (Human Ice Elementalist)          Turns: 25763, Time: 01:05:34

Health: -3/108     AC:  8    Str:  8    XL:     14   Next: 35%
Magic:  17/27      EV:  2    Int: 22    God:
Gold:   671        SH:  0    Dex: 13    Spells: 18/32 levels left

rFire   . . .      SeeInvis +   D - +2 dagger (elec)
rCold   . . .      Faith    .   (no shield)
rNeg    + + +      Spirit   .   h - +3 leather armour
rPois   ∞          Reflect  .   (no helmet)
rElec   .          Harm     .   n - +0 cloak
rCorr   .          Rampage  .   K - +0 pair of gloves
Will    +....                   (no boots)
Stlth   ++........              (no amulet)
HPRegen 0.28/turn               C - ring of see invisible
MPRegen 0.20/turn               (no ring)

@: petrified, studying Evocations
A: no striking features
a: no special abilities


You were on level 6 of the Lair of Beasts.
You visited 2 branches of the dungeon, and saw 14 of its levels.

You collected 710 gold pieces.
You spent 39 gold pieces at shops.

Inventory:

Hand Weapons
 D - a +2 dagger of electrocution (weapon)
 N - the +3 quarterstaff of Blood {protect, rF+ MP+9}
   (You found it on level 1 of the Lair of Beasts)

   It grants its wielder temporary protection when it strikes (+7 to AC).
   rF:        It protects you from fire.
   MP:        It affects your magic capacity (+9).
 P - the +3 war axe of Ejysm {flame, Will+}
   (You found it on level 2 of the Lair of Beasts)

   It burns those it strikes, dealing additional fire damage.
   Big, fiery blades are also staple armaments of hydra-hunters.
   Will:      It increases your willpower.
Missiles
 f - 10 curare-tipped darts (quivered)
Armour
 h - a +3 leather armour (worn)
 n - a +0 cloak (worn)
 H - +0 acid dragon scales
 K - a +0 pair of gloves (worn)
 O - a +0 buckler
Jewellery
 p - a ring of fire
 q - a ring of willpower
 C - a ring of see invisible (left hand)
Wands
 b - a wand of iceblast (7)
 c - a wand of paralysis (7)
 L - a wand of digging (5)
Scrolls
 i - a scroll of teleportation
 j - 3 scrolls of enchant weapon
 o - 3 scrolls of noise {unknown}
 s - 3 scrolls of fear {unknown}
 t - a scroll of fog {unknown}
 v - 3 scrolls of vulnerability
 w - 3 scrolls of enchant armour {unknown}
 y - a scroll of identify
 A - 2 scrolls of amnesia
 E - a scroll of silence {unknown}
 G - 2 scrolls of magic mapping
 I - a scroll of blinking
 J - a scroll of brand weapon
Potions
 a - a potion of ambrosia
 d - 3 potions of berserk rage
 e - a potion of attraction {unknown}
 g - 15 potions of degeneration
 k - 2 potions of might
 l - a potion of lignification {unknown}
 m - a potion of flight
 u - a potion of resistance {unknown}
 x - 3 potions of curing
 z - a potion of invisibility {unknown}
 B - 3 potions of mutation {unknown}
 F - a potion of magic {unknown}
 M - 2 potions of heal wounds
Miscellaneous
 Q - a condenser vane


   Skills:
 + Level 9.4 Fighting
 - Level 5.0 Short Blades
 + Level 12.7 Dodging
 - Level 2.0 Stealth
 - Level 5.0 Shields
 + Level 9.8 Spellcasting
 + Level 6.8 Hexes
 - Level 8.9 Ice Magic
 + Level 11.6 Evocations


You had 18 spell levels left.
You knew the following spells:

 Your Spells              Type           Power      Damage    Failure   Level
a - Freeze                Ice            100%       1d11      1%          1
b - Frozen Ramparts       Ice            100%       1d12      1%          3
c - Ozocubu's Armour      Ice            50%        N/A       1%          3
d - Hailstorm             Conj/Ice       30%        3d8       14%         4
e - Tukima's Dance        Hex            40%        N/A       1%          3

Your spell library contained the following spells:

 Spells                   Type           Power      Damage    Failure   Level
 Beastly Appendage        Tmut           20%        N/A       9%          1
 Sublimation of Blood     Necr           10%        N/A       14%         2
 Wereblood                Tmut           10%        N/A       14%         2
 Anguish                  Hex/Necr       12%        N/A       22%         4
 Spider Form              Tmut/Pois      10%        N/A       26%         3
 Enfeeble                 Hex            20%        N/A       99%         7
 Summon Hydra             Summ           5%         N/A       100%        7


Dungeon Overview and Level Annotations

Branches:
Dungeon (9/15)             Temple (0/1) D:6            Lair (4/6) D:9
 Shoals (0/4) Lair:3        Slime (0/5) Lair:6          Orc (0/2) D:9
  Snake: Lair:2-4    Spider: Lair:2-4

Altars:
Cheibriados
Elyvilon
Hepliaklqana
Kikubaaqudgha
Okawaru
Qazlal
Ru
Uskayaw
Yredelemnul
Zin
The Shining One
Jiyva

Shops:
D:3 *[*[   D:7 !   D:9 (

Annotations:
D:4 Grinder


Message History

Press: ? - help, Shift-Dir - straight line, f/p - catoblepas
Aim: a catoblepas (heavily wounded)
You freeze the catoblepas.
The catoblepas is heavily wounded.
The wall freezes the catoblepas.
The catoblepas gores you.
Unknown command.
Casting: Freeze (safe; 1% risk of failure)
Confirm with . or Enter, or press ? or * to list all spells.
Aiming: Freeze (safe; 1% risk of failure)
Press: ? - help, Shift-Dir - straight line, f/p - catoblepas
Aim: a catoblepas (severely wounded)
You freeze the catoblepas.
The catoblepas is severely wounded.
The wall freezes the catoblepas.
The catoblepas breathes a plume of calcifying dust at you.
The blast of calcifying dust hits you but does no damage.
Casting: Freeze (safe; 1% risk of failure)
Confirm with . or Enter, or press ? or * to list all spells.
Aiming: Freeze (safe; 1% risk of failure)
Press: ? - help, Shift-Dir - straight line, f/p - catoblepas
Aim: a catoblepas (severely wounded)
You freeze the catoblepas.
The catoblepas is severely wounded.
You are engulfed in calcifying dust.
You are slowing down.
The frozen ramparts melt away.
The catoblepas gores you!
Your icy armour will break if you move.
Continue?
Your icy armour cracks and falls away as you move.
The catoblepas gores you!!
* * * LOW HITPOINT WARNING * * *
The catoblepas gores you!!
* * * LOW HITPOINT WARNING * * *
Your limbs are stiffening.
You have turned to stone.
The catoblepas gores you!
* * * LOW HITPOINT WARNING * * *
The catoblepas gores you.
* * * LOW HITPOINT WARNING * * *
The catoblepas gores you!!
You die...

#...#...###....#.....#..
#.÷÷#...#.##.8.#...P.#..
#...#...##.....#.....#..
#P.Y#....#..8.##.÷..##..
##.§##........#....##...
##.§#......###...##....
##.#....###.....######
##.....##.♣....##
#P..Y@##......##
#.P.........###
##..P######## #.### ###


You could see a catoblepas.

Vanquished Creatures
  3 hydras
  A catoblepas (Lair:4)
  A deep troll shaman (Lair:6)
  7 death yaks
  A lindwurm (Lair:6)
  A deep elf pyromancer (D:9)
  A merfolk siren (Lair:3)
  3 black mambas (Lair:6)
  4 elephants (Lair:6)
  3 centaur zombies
  15 cane toads
  3 rime drakes
  7 komodo dragons
  A kobold demonologist (D:9)
  A merfolk (Lair:3)
  3 hornets
  3 polar bears
  17 blink frogs
  3 basilisks
  2 wyverns
  A wraith (D:9)
  40 yaks
  9 water moccasins
  An acid dragon (D:9)
  6 orc warriors
  A hornet zombie (D:8)
  3 sky beasts
  A swamp drake (D:9)
  4 black bears
  19 wolves
  An ogre (D:4)
  6 centaurs
  A phantom (D:7)
  2 necrophages
  5 scorpions
  5 bullfrogs
  A wyvern skeleton (D:7)
  A water moccasin skeleton (D:6)
  2 oklob saplings (D:9)
  10 wights
  A howler monkey (D:6)
  2 electric eels (Lair:3)
  A bullfrog zombie (D:5)
  7 orc priests
  Crazy Yiuf (D:2)
  A bullfrog skeleton (D:5)
  2 jellies
  A gnoll shaman (D:6)
  An iguana (D:4)
  13 orc wizards
  Terence (D:2)
  A mummy (D:6)
  A hound skeleton (D:4)
  4 gnolls (D:6)
  11 adders
  A white imp (D:7)
  A worm (D:1)
  5 dart slugs
  41 orcs
  6 endoplasms
  5 giant cockroaches
  15 goblins
  13 hobgoblins
  8 jackals
  4 quokkas
  13 ball pythons
  2 bats (D:3)
  4 frilled lizards
  11 kobolds
  6 rats
382 creatures vanquished.

Vanquished Creatures (collateral kills)
  A hydra (Lair:6)
  3 death yaks (Lair:6)
  A basilisk (Lair:6)
  A water moccasin (Lair:6)
  2 wolves (Lair:6)
8 creatures vanquished.

Vanquished Creatures (others)
  An orc (D:5)
  A bush (Lair:6)
  62 fungi
  93 plants
157 creatures vanquished.

Grand Total: 547 creatures vanquished

Notes
Turn   | Place    | Note
-------+----------+-------------------------------------------
     0 | D:1      | Qrupt the Human Ice Elementalist began the quest for the
                  | Orb.
     0 | D:1      | Reached XP level 1. HP: 13/13 MP: 3/3
   410 | D:1      | Reached XP level 2. HP: 19/19 MP: 5/5
   491 | D:1      | Found a faded altar of an unknown god.
   784 | D:1      | Reached XP level 3. HP: 21/24 MP: 3/6
  1710 | D:2      | Found a hazy altar of Hepliaklqana.
  1796 | D:2      | Found a runed translucent door.
  1797 | D:2      | Noticed Crazy Yiuf
  1824 | D:2      | Noticed Terence
  1837 | D:2      | Killed Terence
  1838 | D:2      | Reached XP level 4. HP: 3/30 MP: 0/8
  2252 | D:2      | Learned a level 3 spell: Frozen Ramparts
  2407 | D:2      | Reached skill level 5 in Ice Magic
  2898 | D:2      | Killed Crazy Yiuf
  2899 | D:2      | Reached XP level 5. HP: 35/35 MP: 4/10
  3174 | D:3      | Found Siediuf's Assorted Antiques.
  3375 | D:3      | Noticed a water moccasin
  3383 | D:3      | Killed a water moccasin
  3384 | D:3      | Reached XP level 6. HP: 27/41 MP: 4/12
  3551 | D:3      | Found Senan's Armour Boutique.
  3585 | D:3      | Found a hide-covered altar of Uskayaw.
  3797 | D:3      | Found Edof's Assorted Antiques.
  3862 | D:3      | Found Muehonuz's Armour Boutique.
  3900 | D:3      | Learned a level 3 spell: Ozocubu's Armour
  4512 | D:4      | Reached skill level 1 in Fighting
  4512 | D:4      | Reached XP level 7. HP: 35/48 MP: 7/13
  4854 | D:4      | Noticed Grinder
  4859 | D:4      | Reached skill level 3 in Dodging
  5297 | D:5      | Entered Level 5 of the Dungeon
  5321 | D:5      | HP: 1/49 [centaur/arrow (10)]
  5887 | D:5      | Found an iron altar of Okawaru.
  5948 | D:5      | Reached XP level 8. HP: 56/56 MP: 9/15
  6016 | D:5      | Reached skill level 4 in Dodging
  6086 | D:5      | Reached skill level 5 in Spellcasting
  6250 | D:5      | Found a glowing golden altar of the Shining One.
  6584 | D:5      | You fall into a shaft and drop 2 floors!
  6852 | D:7      | Reached skill level 5 in Dodging
  7165 | D:7      | Reached XP level 9. HP: 38/64 MP: 13/17
  7176 | D:7      | Learned a level 4 spell: Hailstorm
  7424 | D:7      | Reached skill level 6 in Dodging
  7891 | D:7      | Found Geablauph's Distillery.
  8541 | D:6      | Reached skill level 1 in Evocations
  8715 | D:6      | Reached skill level 7 in Dodging
  9274 | D:6      | Found a snail-covered altar of Cheibriados.
  9503 | D:6      | Reached XP level 10. HP: 67/73 MP: 15/19
  9591 | D:6      | Found a staircase to the Ecumenical Temple.
  9715 | D:6      | Found a glowing silver altar of Zin.
  9715 | D:6      | Found an ancient bone altar of Kikubaaqudgha.
 11124 | D:8      | Reached skill level 5 in Fighting
 11130 | D:8      | Reached skill level 8 in Dodging
 11488 | D:7      | Bought a potion of curing for 39 gold pieces
 11908 | D:8      | Found a stormy altar of Qazlal.
 11913 | D:8      | Found a sacrificial altar of Ru.
 11915 | D:8      | Found a white marble altar of Elyvilon.
 12681 | D:9      | Noticed a kobold demonologist
 12799 | D:9      | Killed a kobold demonologist
 12800 | D:9      | Reached skill level 5 in Evocations
 13744 | D:9      | Reached skill level 9 in Dodging
 13893 | D:9      | Reached XP level 11. HP: 81/81 MP: 21/21
 13929 | D:9      | Found a staircase to the Lair.
 14239 | D:9      | Found Jamorgh Gaur's Antique Weapon Shoppe.
 14328 | D:9      | Found a basalt altar of Yredelemnul.
 14499 | D:9      | Noticed a deep elf pyromancer
 14504 | D:9      | Killed a deep elf pyromancer
 15052 | D:9      | Found a staircase to the Orcish Mines.
 15849 | Lair:1   | Entered Level 1 of the Lair of Beasts
 15898 | D:9      | Learned a level 3 spell: Tukima's Dance
 16191 | Lair:1   | Reached skill level 1 in Hexes
 16401 | Lair:1   | Reached skill level 10 in Dodging
 16703 | Lair:1   | Reached skill level 1 in Short Blades
 16895 | Lair:1   | Identified the +3 quarterstaff of Blood {protect, rF+ MP+9}
 17163 | Lair:1   | Reached XP level 12. HP: 82/91 MP: 10/23
 17984 | Lair:2   | Reached skill level 11 in Dodging
 18150 | Lair:2   | Noticed an eight-headed hydra
 18158 | Lair:2   | Killed an eight-headed hydra
 18551 | Lair:2   | Identified the +3 war axe of Ejysm {flame, Will+}
 19232 | Lair:3   | Noticed a six-headed hydra
 19476 | Lair:2   | HP: 3/91 [blink frog (4)]
 19836 | Lair:2   | Killed a six-headed hydra
 19837 | Lair:2   | Reached skill level 5 in Short Blades
 20530 | Lair:3   | Reached XP level 13. HP: 92/98 MP: 18/25
 20929 | Lair:3   | Found a staircase to the Shoals.
 21837 | Lair:4   | Noticed a catoblepas
 21897 | Lair:4   | Reached skill level 1 in Shields
 22049 | Lair:4   | Reached skill level 12 in Dodging
 22049 | Lair:4   | Reached skill level 5 in Hexes
 22202 | Lair:4   | Killed a catoblepas
 22528 | Lair:4   | Noticed a seven-headed hydra
 22537 | Lair:4   | Reached skill level 10 in Evocations
 22537 | Lair:4   | Killed a seven-headed hydra
 22758 | Lair:4   | You fall into a shaft and drop 2 floors!
 22758 | Lair:6   | Entered Level 6 of the Lair of Beasts
 22758 | Lair:6   | Noticed a seven-headed hydra
 22767 | Lair:6   | Killed a seven-headed hydra
 23556 | Lair:6   | Found a viscous altar of Jiyva.
 23556 | Lair:6   | Found a staircase to the Slime Pits.
 23959 | Lair:6   | Reached XP level 14. HP: 20/106 MP: 17/27
 23960 | Lair:6   | Reached skill level 5 in Shields
 25763 | Lair:6   | Slain by a catoblepas

Illustrated notes

Levels and vault maps discovered:
D:1:      dpeg_arrival_windows_large_door, layout_basic,
          hellmonk_ecumenical_altar_pennies_from_heaven
D:2:      minmay_angry_zag, layout_loops_cross, basic_altar,
          uniq_crazy_yiuf_cottage, uniq_terence
D:3:      minmay_evil_eye, layout_basic, marbit_many_paths, serial_shops,
          nicolae_diamond_shop, nicolae_shop_waterfront,
          nicolae_shop_statue_plus, shop
D:4:      layout_basic, small_statue_intersection, grunt_ministairs_1,
          uniq_grinder
D:5:      layout_rooms, tso_metal_star, mainiacjoe_overflow_chevrons,
          minmay_misc_feat_hallway, wad_floor_pattern_2, kennysheep_crisscross,
          minivault_26, hangedman_abyss_or_decor_stagger, dk_rats_in_the_wall
D:6:      layout_loops_ring, slow_altar_1, gammafunk_temple_overflow_elements,
          minmay_temple_entry_enclosed_plants, serial_bayou,
          serial_bayou_pond_a, serial_bayou_pond_d, serial_bayou_crossing,
          serial_bayou_shore_b, corexii_shack, minmay_curled_crystal
D:7:      layout_loops_corners, nicolae_ossuary_entry_false_entrances,
          enter_bailey_2, skrybe_limestone_x, corexii_checkpoint_a,
          nicolae_take_the_stairs, minmay_manual_mares
D:8:      layout_basic, grunt_temple_overflow_open
D:9:      layout_loops_ring, mainiacjoe_overflow_paths,
          grunt_lair_entry_orc_guard_hut, erik_orc_1, serial_shops, shop,
          minivault_1, introduction_to_nature_1
Lair:1:   layout_long_grid, grunt_megastairs_1
Lair:2:   layout_misc_corridors
Lair:3:   layout_cave_pods, elwin_shoals_entry_rooms, serial_bayou_shore_a,
          grunt_megastairs_3
Lair:4:   layout_hall_layers, spider_nest_entry_a, gammafunk_ghost_necromancy,
          nicolae_lair_yak_garden
Lair:6:   grunt_lair_end_beastmaster, layout_regular_city,
          dpeg_slime_entry_enclosed_altar, nicolae_lair_lil_pond

Skill      XL: |  1  2  3  4  5  6  7  8  9 10 11 12 13 14 |
---------------+-------------------------------------------+-----
Spellcasting   | 3 4 5 6 7 8 9 |  9.8
Ice Magic      | 5 6 7 8 |  8.9
Fighting       | 1 2 3 4 5 7 8 9 |  9.4
Dodging        | 3 5 7 9 10 11 12 | 12.7
Evocations     | 2 5 7 9 10 11 | 11.6
Hexes          | 2 4 6 |  6.8
Short Blades   | 2 5 |  5.0
Shields        | 4 5 |  5.0
Stealth        | |  2.0

Action                   |  1- 3 |  4- 6 |  7- 9 | 10-12 | 13-15 || total
-------------------------+-------+-------+-------+-------+-------++-------
Melee: Unarmed           |     6 |       |       |       |       ||     6
       Dagger            |    35 |   132 |   158 |   269 |   103 ||   697
       Punch             |       |       |     4 |     4 |     2 ||    10
Throw: Dart              |       |     1 |       |       |       ||     1
 Cast: Freeze            |    55 |    17 |    70 |   160 |   130 ||   432
       Frozen Ramparts   |       |     6 |    30 |    68 |    41 ||   145
       Ozocubu's Armour  |       |     1 |     6 |    31 |    16 ||    54
       Hailstorm         |       |       |       |     5 |     8 ||    13
Evoke: Wand              |       |       |       |    10 |     8 ||    18
       Condenser vane    |       |       |       |       |     1 ||     1
  Use: Scroll            |       |     1 |     5 |     7 |     5 ||    18
       Potion            |       |       |     1 |     1 |     3 ||     5
 Stab: Sleeping          |     5 |     4 |     2 |     1 |       ||    12
       Distracted        |       |     1 |       |     1 |       ||     2
Armor: Robe              |    13 |    36 |    14 |       |       ||    63
       Leather armour    |       |       |    58 |   120 |    82 ||   260
       Acid dragon scale |       |       |       |     1 |       ||     1
Dodge: Dodged            |    35 |    93 |   173 |   409 |   237 ||   947
